 Dungeon Crawl Stone Soup version 0.30-a0-137-gd8773701ce (webtiles) character file.

Game seed: 3431304064890308370

4 Julmuri the Grasshopper (level 1, 0/16 HPs)
             Began as a Formicid Warper on Sept 23, 2022.
             Slain by a jackal (3 damage)
             ... on level 1 of the Dungeon.
             The game lasted 00:02:07 (118 turns).

Julmuri the Grasshopper (Formicid Warper)            Turns: 118, Time: 00:02:07

Health: 0/16       AC:  3    Str: 15    XL:     1   Next: 66%
Magic:  3/3        EV: 11    Int: 12    God:
Gold:   12         SH:  0    Dex: 13    Spells: 4/4 levels left

rFire   . . .      SeeInvis +    a - +0 mace
rCold   . . .      Faith    .    (no shield)
rNeg    . . .      Spirit   .    b - +0 leather armour
rPois   .          Reflect  .    (helmet unavailable)
rElec   .          Harm     .    (no cloak)
rCorr   .          Rampage  .    (no gloves)
Will    .....                    (no boots)
Stlth   +.........               (no amulet)
HPRegen 0.05/turn                d - ring of wizardry
MPRegen 0.08/turn                (no ring)

@: no status effects
A: permanent stasis, dig shafts and tunnels, antennae 3, four strong arms
a: Dig, Shaft Self


You were on level 1 of the Dungeon.
You visited 1 branch of the dungeon, and saw 1 of its levels.

You collected 12 gold pieces.

Inventory:

Hand Weapons
 a - a +0 mace (weapon)
 e - a +0 hand axe
Armour
 b - a +0 leather armour (worn)
Jewellery
 d - a ring of wizardry (left hand)
Potions
 f - a potion of curing {unknown}


   Skills:
 + Level 2.2 Fighting
 + Level 2.0 Maces & Flails
 + Level 1.2 Throwing
 + Level 1.1 Armour
 + Level 1.7 Dodging
 + Level 2.3 Spellcasting
 + Level 2.7 Translocations


You had 4 spell levels left.
You didn't know any spells.
Your spell library contained the following spells:

 Spells                   Type           Power      Damage    Failure   Level
 Gell's Gravitas          Tloc           7%         N/A       13%         3
 Lesser Beckoning         Tloc           7%         N/A       13%         3
 Teleport Other           Tloc           7%         N/A       13%         3
 Manifold Assault         Tloc           7%         N/A       38%         4
 Blink                    Tloc           Unusable   N/A       N/A         2

Dungeon Overview and Level Annotations

Branches:
Dungeon (1/15)

Altars:


Innate Abilities, Weirdness & Mutations

You cannot be hasted, slowed, berserked, paralysed or teleported.
You can dig through walls and to a lower floor.
You have a pair of large antennae on your head. (SInv)
Your four strong arms can wield two-handed weapons with a shield.


Message History

The jackal bites you but does no damage.
You hit the jackal.
The jackal is moderately wounded.
The jackal barely misses you.
You closely miss the jackal.
The jackal is moderately wounded.
The jackal barely misses you. The jackal bites you.
You closely miss the jackal.
The jackal is moderately wounded.
The jackal bites you.
The jackal bites you but does no damage.
You miss the jackal.
The jackal is moderately wounded.
The jackal bites you. The jackal completely misses you.
You hit the jackal but do no damage.
The jackal is moderately wounded.
The jackal bites you but does no damage.
The jackal barely misses you.
You closely miss the jackal.
The jackal is moderately wounded.
The jackal bites you but does no damage.
The jackal closely misses you.
You closely miss the jackal.
The jackal is moderately wounded.
The jackal completely misses you.
You thump the jackal!
You kill the jackal!
The jackal completely misses you.
You miss the jackal.
The jackal is moderately wounded.
The jackal misses you. The jackal bites you.
You hit the jackal.
The jackal is severely wounded.
The jackal bites you.
* * * LOW HITPOINT WARNING * * *
The jackal bites you.
* * * LOW HITPOINT WARNING * * *
The jackal bites you but does no damage.
The jackal attacks as you move away! The jackal bites you.
You die...

.# .#.#.# .#.#.# .#.#.# {
{ ...#.# {
.#.#.############## #
................@.#.#.###
....~.~~~.~######h.......
~~~~~~~≈~≈....h.{.......#
≈~~~~.≈~≈.~....##........
~~~~.~~≈≈≈≈~....#.......#
≈†.~~~~~≈≈≈≈#...###.#.#..
.~.....#≈≈≈≈#...# .#.# #
......###≈≈≈#..$# .# #
#####.# ##≈≈#...# .#


You could see a jackal.

Vanquished Creatures
  A hobgoblin (D:1)
  A jackal (D:1)
  A bat (D:1)
  A frilled lizard (D:1)
4 creatures vanquished.

Notes
Turn   | Place    | Note
-------+----------+-------------------------------------------
     0 | D:1      | Julmuri the Formicid Warper began the quest for the Orb.
     0 | D:1      | Reached XP level 1. HP: 16/16 MP: 3/3
   118 | D:1      | Slain by a jackal

Illustrated notes

Levels and vault maps discovered:
D:1:      dpeg_arrival_stone_temple_mockup, layout_basic,
          chequers_ecumenical_altar_simple, chequers_serial_rivers_large_a,
          minivault_23

Action                   || total
-------------------------++-------
Melee: Mace              ||    13
Throw: Boomerang         ||     7
Armor: Leather armour    ||     6
Dodge: Dodged            ||    10

Table legend: (Time is in decaauts)
 A = Elapsed time spent in this place.
 B = Non-inter-level travel time spent in this place.
 C = Inter-level travel time spent in this place.
 D = Time resting spent in this place.
 E = Time spent auto-exploring this place.
 F = Levels seen in this place.
 G = Mean time per level.
                   A        B        C        D        E       F      G
               +--------+--------+--------+--------+--------+-----+--------+
         Total |    133 |    133 |      0 |      0 |      0 |   1 |  133.0 |
       Dungeon |    133 |    133 |      0 |      0 |      0 |   1 |  133.0 |
               +--------+--------+--------+--------+--------+-----+--------+

Top non-repeatable levels by time:
     D:1: 133 daAuts
